 Dungeon Crawl Stone Soup version 0.32-a0-120-gfac0567ad4 (webtiles) character file.

Game seed: 11897527187832704952

1623 Dittersdorf the Trooper (level 8, -1/52 HPs)
             Began as a Gargoyle Fighter on Feb 6, 2024.
             Was an Initiate of Gozag.
             Slain by Maggie
             ... wielding a +2 morningstar of draining
              (9 damage)
             ... on level 6 of the Dungeon.
             The game lasted 00:07:42 (5100 turns).

Dittersdorf the Trooper (Gargoyle Fighter)          Turns: 5100, Time: 00:07:43

Health: -1/52      AC: 23    Str: 22    XL:     8   Next: 97%
Magic:  8/8        EV:  8    Int: 12    God:    Gozag
Gold:   274        SH: 10    Dex: 15    Spells: 7/7 levels left

rFire   . . .        v - +0 morningstar
rCold   . . .        t - +0 kite shield
rNeg    + . .        b - +0 scale mail
rPois   ∞            l - +1 helmet {Int+3}
rElec   +            (no cloak)
rCorr   .            h - +0 pair of gloves
SInv    .            f - +1 pair of boots
Will    .....        (no amulet) Stlth
                     k - +6 ring of dexterity
HPRegen 0.28/turn    u - +4 ring of protection
MPRegen 0.11/turn

%: no passive effects
@: mesmerised
A: sickness immunity, AC +5, negative energy resistance 1, electricity
resistance, torment resistance 1, petrification resistance
a: Renounce Religion, Potion Petition, Call Merchant, Bribe Branch


You were on level 6 of the Dungeon.
You worshipped Gozag.
Gozag was aware of your devotion.
You visited 2 branches of the dungeon, and saw 7 of its levels.
You also visited: Sewer.

You collected 385 gold pieces.
You paid 111 gold pieces to Gozag.

Inventory:

Hand Weapons
 v - a +0 morningstar (weapon)
Missiles
 s - a throwing net
Armour
 a - a +0 plate armour
 b - a +0 scale mail (worn)
 f - a +1 pair of boots (worn)
 h - a +0 pair of gloves (worn)
 l - a +1 helmet of intelligence (worn)
 t - a +0 kite shield (worn)
Jewellery
 c - a ring of wizardry
 k - a +6 ring of dexterity (left hand)
 u - a +4 ring of protection (right hand)
Scrolls
 i - a scroll of revelation {unknown}
 n - 2 scrolls of blinking {unknown}
 q - a scroll of teleportation
 r - 4 scrolls of poison
Potions
 d - a potion of might
 g - a potion of haste
 j - 2 potions of enlightenment
 m - a potion of magic
 o - 2 potions of resistance
 p - 4 potions of curing


   Skills:
 + Level 6.9 Fighting
 + Level 5.8 Maces & Flails
 + Level 6.8 Armour
 + Level 6.8 Shields


You had 7 spell levels left.
You didn't know any spells.
Your spell library contained the following spells:

 Spells                   Type           Power      Damage    Failure   Level
 Kiss of Death            Conj/Necr      0%         2d5       85%         1
 Confusing Touch          Hex            0%         N/A       99%         3
 Dazzling Flash           Conj/Hex       0%         N/A       99%         3
 Mephitic Cloud           Conj/Alch/Air  0%         N/A       99%         3
 Volatile Blastmotes      Fire/Tloc      0%         2d10      99%         3
 Dispel Undead            Necr           0%         3d6       100%        4
 Fulminant Prism          Conj/Alch      0%         3d5       100%        4
 Iskenderun's Mystic Bla  Conj/Tloc      0%         2d3       100%        4
 Martyr's Knell           Necr/Summ      0%         N/A       100%        4
 Curse of Agony           Necr           0%         N/A       100%        5
 Silence                  Hex/Air        0%         N/A       100%        5
 Death Channel            Necr           0%         N/A       100%        6
 Cigotuvi's Dreadful Rot  Necr/Alch/Air  Unusable   N/A       N/A         2

Dungeon Overview and Level Annotations

Branches:
Dungeon (6/15)             Temple (1/1) D:6           Sewer (visited)

Altars:
Ashenzari
Dithmenos
Elyvilon
Gozag
Hepliaklqana
Kikubaaqudgha
Makhleb
Nemelex Xobeh
Okawaru
Qazlal
Ru
Sif Muna
Trog
Vehumet
Wu Jian
Xom
Yredelemnul
Zin
The Shining One

Shops:
D:1 :

Annotations:
D:3 3 runed translucent doors, Echelon's ghost, amateur HuFi
D:6 Maggie; Sigmund


Innate Abilities, Weirdness & Mutations

You are immune to sickness and miasma.
Your stone body is resilient. (AC +5)
You are immune to poison.
You resist negative energy. (rN+)
You are resistant to electric shocks. (rElec)
You are resistant to unholy torment.
You are immune to petrification.


Message History

You hit Maggie.
Maggie is lightly wounded.
Maggie mumbles the words to a spell, but in the wrong order.
You block Maggie's attack.
You barely miss Maggie.
Maggie is lightly wounded.
Maggie hits you but does no damage.
You hit Maggie.
Maggie is lightly wounded.
Maggie mumbles some strange words.
Maggie attempts to bespell you!
You are mesmerised by Maggie!
Maggie hits you with a +2 morningstar of draining.
* * * LOW HITPOINT WARNING * * *
You barely miss Maggie.
Maggie is lightly wounded.
You block Maggie's attack.
You completely miss Maggie.
Maggie is lightly wounded.
Maggie hits you with a +2 morningstar of draining!
* * * LOW HITPOINT WARNING * * *
You block Maggie's attack.
Throw: dart (curare)
Press: ? - help, Q - select action, (/) - cycle Shift-Dir - straight line, f - Maggie
Aim: Maggie, wielding a +2 morningstar of draining and wearing +0 swamp dragon scales (lightly wounded, mesmerising, 63% to hit)
You throw a curare-tipped dart. The curare-tipped dart hits Maggie.
Maggie is lightly wounded.
Maggie mumbles some strange words.
Maggie draws you further into her thrall.
You puncture Maggie!
Maggie is moderately wounded.
You block Maggie's attack.
You barely miss Maggie.
Maggie is moderately wounded.
You block Maggie's attack.
You hit Maggie but do no damage.
Maggie is moderately wounded.
Maggie hits you with a +2 morningstar of draining!
You die...
Your body crumbles into a pile of gold.

#.........'
###.####### #.#
#.# #.# #.####
#.#.. #.#.# #.#@#
#.#@# ..#
#.#5###...#
#.#{.......
#..........
#..........
.................
########.........
#.........


You could see Maggie (mesmerising) and a white imp.

Vanquished Creatures
  A wyvern (D:5)
  A fire bat (D:6)
  An orc warrior (Temple)
  2 black bears
  A sky beast (Temple)
  A kobold brigand (Sewer)
  A bullfrog (D:5)
  4 scorpions
  A howler monkey (D:6)
  A bombardier beetle (D:5)
  3 hounds
  An orc priest (D:3)
  An iguana (D:5)
  5 orc wizards
  Natasha (thrice) (D:4)
  2 river rats (D:3)
  4 adders
  A shadow imp (D:6)
  An adder zombie (D:3)
  A dart slug (D:1)
  7 ribbon worms
  14 orcs
  5 bats
  6 endoplasms
  7 giant cockroaches
  8 goblins
  3 hobgoblins
  2 quokkas (D:1)
  8 ball pythons
  4 frilled lizards
  11 kobolds
  A quokka zombie (D:3)
  12 rats
124 creatures vanquished.

Notes
Turn   | Place    | Note
-------+----------+-------------------------------------------
     0 | D:1      | Dittersdorf the Gargoyle Fighter began the quest for the
                  | Orb.
     0 | D:1      | Reached XP level 1. HP: 14/14 MP: 1/1
    83 | D:1      | Reached XP level 2. HP: 19/19 MP: 2/2
   305 | D:1      | Found Vallax's Book Emporium.
   527 | D:1      | Reached XP level 3. HP: 20/23 MP: 3/3
  1655 | D:2      | Reached XP level 4. HP: 26/29 MP: 4/4
  1767 | D:3      | Found a glowing drain.
  1839 | Sewer    | Entered a sewer
  1859 | Sewer    | Noticed a kobold brigand
  1874 | Sewer    | Killed a kobold brigand
  1875 | Sewer    | Reached XP level 5. HP: 33/34 MP: 5/5
  2233 | D:3      | Found a runed translucent gate.
  2233 | D:3      | Found a runed translucent gate.
  2233 | D:3      | Found a runed translucent gate.
  2233 | D:3      | Noticed Echelon's ghost (amateur HuFi)
  2235 | D:3      | Found a basalt altar of Yredelemnul.
  2883 | D:4      | Noticed Natasha
  2927 | D:4      | Killed Natasha
  2928 | D:4      | Reached XP level 6. HP: 39/39 MP: 6/6
  3058 | D:4      | Noticed a black bear
  3073 | D:4      | Killed a black bear
  3137 | D:4      | Noticed Natasha
  3153 | D:4      | Killed Natasha
  3238 | D:4      | Noticed Natasha
  3249 | D:4      | Killed Natasha
  3250 | D:4      | Reached skill level 5 in Fighting
  3376 | D:4      | Reached skill level 5 in Armour
  3376 | D:4      | Reached skill level 5 in Shields
  3460 | D:4      | Reached XP level 7. HP: 44/44 MP: 7/7
  3481 | D:4      | Found an iron altar of Okawaru.
  3557 | D:5      | Entered Level 5 of the Dungeon
  3901 | D:5      | Found a radiant altar of Vehumet.
  4405 | D:5      | Noticed a wyvern
  4417 | D:5      | Killed a wyvern
  4418 | D:5      | Reached XP level 8. HP: 31/51 MP: 8/8
  4555 | D:6      | Reached skill level 5 in Maces & Flails
  4633 | D:6      | Found a shimmering altar of Xom.
  4713 | D:6      | Found a staircase to the Ecumenical Temple.
  4755 | Temple   | Entered the Ecumenical Temple
  4910 | Temple   | Became a worshipper of Gozag Ym Sagoz the Greedy
  5076 | D:6      | Noticed Maggie
  5077 | D:6      | Noticed Sigmund
  5100 | D:6      | Slain by Maggie

Illustrated notes

Levels and vault maps discovered:
D:1:      roadster_arrival_rocket_small, layout_basic, serial_shops, shop,
          chequers_serial_rivers_small_b
D:2:      layout_basic, serial_aquarium, aquarium_bridge_square
          [aquarium_subvault_bridge, aquarium_subvault_wall,
          aquarium_subvault_bridge, aquarium_subvault_wall],
          aquarium_window_corner, aquarium_window_2, aquarium_window_fake,
          aquarium_window_fake, aquarium_view_2d, aquarium_pool_1
D:3:      layout_rooms, nicolae_yredelemnul_ghost_church, portal_sewer_entry_c
D:4:      layout_basic, mainiacjoe_overflow_alcove_2, uniq_natasha
D:5:      layout_loops_ring, nicolae_vehumet_altar_sigil
D:6:      layout_basic, regret_index_xom_of_box, minmay_temple_entry_ruins,
          uniq_sigmund, uniq_maggie
Temple:   eino_wide_crystal_templ

Skill      XL: |  1  2  3  4  5  6  7  8 |
---------------+-------------------------+-----
Fighting       | 4 5 6 |  6.9
Armour         | 4 5 6 |  6.8
Shields        | 4 5 6 |  6.8
Maces & Flails | 3 4 5 |  5.8

Action                     |  1- 3 |  4- 6 |  7- 9 || total
---------------------------+-------+-------+-------++-------
  Melee: Flail             |   139 |   182 |    84 ||   405
         Unarmed           |       |    12 |       ||    12
         Morningstar       |       |       |   166 ||   166
  Throw: Dart              |       |       |     1 ||     1
    Use: Scroll            |     1 |    13 |       ||    14
 Armour: Scale mail        |   131 |   129 |   284 ||   544
         Skin              |       |     6 |       ||     6
  Dodge: Dodged            |    61 |    75 |    79 ||   215
  Block: Buckler           |    48 |    25 |       ||    73
         Kite shield       |       |    32 |   156 ||   188

Table legend: (Time is in decaauts)
 A = Elapsed time spent in this place.
 B = Non-inter-level travel time spent in this place.
 C = Inter-level travel time spent in this place.
 D = Time resting spent in this place.
 E = Time spent auto-exploring this place.
 F = Levels seen in this place.
 G = Mean time per level.
                   A        B        C        D        E       F      G
               +--------+--------+--------+--------+--------+-----+--------+
         Total |   5345 |   5087 |    258 |    305 |   3367 |   8 |  668.1 |
       Dungeon |   4730 |   4486 |    244 |    140 |   3201 |   6 |  788.3 |
        Temple |    277 |    263 |     14 |    160 |      0 |   1 |  277.0 |
         Sewer |    337 |    337 |      0 |      5 |    165 |   1 |  337.0 |
               +--------+--------+--------+--------+--------+-----+--------+

Top non-repeatable levels by time:
     D:5: 1015 daAuts
     D:2: 985 daAuts
     D:1: 834 daAuts
     D:3: 811 daAuts
     D:4: 747 daAuts
   Sewer: 337 daAuts
     D:6: 335 daAuts
  Temple: 277 daAuts
